Canadiens vs Devils

Created - February 5 2008 at 19:27

Goals
1 2 3 T
Canadiens 1 2 0 3
Devils 0 1 0 1
Shots
1 2 3 T
Canadiens 14 8 6 28
Devils 5 8 16 29

Period #1

1. Canadiens , Alexei Yashin 16 (Brian Rafalski, Andrej Meszaros) at 5:50 (PP)

Penalties :
Andrej Meszaros (MTL) for Tripping (Minor) at 3:34, Colin White (NJD) for Slashing (Minor) at 4:36, Colin White (NJD) for Hooking (Minor) at 7:23, Brian Gionta (MTL) for Slashing (Minor) at 9:10, Ryan Getzlaf (NJD) for Tripping (Minor) at 13:04, Juraj Kolnik (NJD) for Tripping (Minor) at 18:05, Brad Lukowich (NJD) for Holding (Minor) at 19:44

Period #2

2. Canadiens , Viktor Kozlov 12 (Andrej Meszaros, Brian Rafalski) at 0:16 (PP)
3. Devils , Ryan Getzlaf 16 (Daniel Alfredsson, Jean-Pierre Dumont) at 9:01
4. Canadiens , Ed Jovanovski 12 (Martin Gelinas, Mike Comrie) at 18:10 (SH)

Penalties :
Martin Gelinas (MTL) for Boarding (Minor) at 0:21, Brendan Witt (NJD) for Fighting (Major) at 0:26, Ryan Whitney (MTL) for Fighting (Major) at 0:26, Brendan Witt (NJD) for Fighting (Major) at 0:26, Jean-Pierre Dumont (NJD) for Elbowing (Minor) at 13:48, Andrej Meszaros (MTL) for Tripping (Minor) at 16:43

Period #3

No Goal

Penalties :
Jamie Langenbrunner (NJD) for Tripping (Minor) at 1:47, Scott Gomez (MTL) for Tripping (Minor) at 6:21, Viktor Kozlov (MTL) for Hooking (Minor) at 6:38, Brad Lukowich (NJD) for Hooking (Minor) at 12:54, Ryan Whitney (MTL) for Holding (Minor) at 18:31

Goalie Stats

Roberto Luongo (MTL), 28 saves from 29 shots - (0.966), W, 32-25-1, 60:00 minutes
Martin Brodeur (NJD), 25 saves from 28 shots - (0.893), L, 34-17-3, 60:00 minutes

Players Stats

Canadiens
Player Name              G  A  P  +/- PIM S  H  SB FO MP 
-----------------------------------------------------------
Ales Hemsky              0  0  0   0  0   4  2  0  0  14 
Alexei Yashin            1  0  1   0  0   3  3  0  28 24 
Andrej Meszaros          0  2  2   0  4   3  3  1  0  23 
Antoine Vermette         0  0  0   0  0   0  0  0  5  6  
Brian Gionta             0  0  0   0  2   1  2  0  1  17 
Brian Rafalski           0  2  2   0  0   6  0  1  0  25 
Darcy Tucker             0  0  0   0  0   1  0  0  0  6  
Ed Jovanovski            1  0  1   1  0   3  1  1  0  23 
Filip Kuba               0  0  0  -1  0   0  1  2  0  19 
Jon Sim                  0  0  0   0  0   0  0  0  0  0  
Keith Carney             0  0  0  -1  0   1  0  2  0  15 
Martin Gelinas           0  1  1   1  2   0  2  0  5  18 
Mike Comrie              0  1  1   0  0   2  1  0  0  16 
Mike Ribeiro             0  0  0  -1  0   1  0  0  17 22 
Ryan Kesler              0  0  0  -1  0   0  1  0  1  15 
Ryan Whitney             0  0  0   0  7   1  1  2  0  21 
Scott Gomez              0  0  0   1  2   0  1  0  20 21 
Viktor Kozlov            1  0  1   0  2   2  0  0  13 19 
Devils
Player Name              G  A  P  +/- PIM S  H  SB FO MP 
-----------------------------------------------------------
Ben Eager                0  0  0   0  0   1  1  0  1  9  
Brad Lukowich            0  0  0   0  4   0  3  1  0  22 
Brendan Witt             0  0  0   0  15  2  2  1  0  10 
Cam Janssen              0  0  0   0  0   0  0  0  1  9  
Chris Chelios            0  0  0   0  0   0  0  3  0  20 
Colin White              0  0  0   0  4   0  4  1  0  21 
Daniel Alfredsson        0  1  1   1  0   2  2  0  2  20 
Jamie Langenbrunner      0  0  0  -1  2   2  0  0  2  18 
Jean-Pierre Dumont       0  1  1   1  2   4  0  0  0  14 
John Madden              0  0  0   0  0   3  0  1  13 17 
Juraj Kolnik             0  0  0   0  2   1  0  0  0  13 
Michael Nylander         0  0  0  -1  0   3  0  0  30 21 
Miroslav Satan           0  0  0   0  0   3  1  0  2  14 
Paul Martin              0  0  0   0  0   1  0  0  0  23 
Ryan Getzlaf             1  0  1   1  2   7  0  0  25 19 
Timo Helbling            0  0  0   0  0   0  1  1  0  21 
Travis Zajac             0  0  0   0  0   0  3  0  9  13 
Zach Parise              0  0  0  -1  0   0  2  0  5  19 

3 Stars

1 - Roberto Luongo (MTL)
2 - Andrej Meszaros (MTL)
3 - Ed Jovanovski (MTL)

Power Play

Canadiens - 2 on 8 Attempt(s) - 25.00%
Devils - 0 on 7 Attempt(s) - 0.00%

Penalty Kill

Canadiens - 7 on 7 Attempt(s) - 100.00% - Score 1 goal in Penalty Kill
Devils - 6 on 8 Attempt(s) - 75.00% - Score 0 goal in Penalty Kill

Game Notes

Brendan Witt beats up Ryan Whitney at 0:26 of 2nd period
Brendan Witt ejected from game at 0:26 of 2nd period
Brendan Witt from Devils is suspended for 1 game(s)

Finance

Level 1 -- Attendance: 4195 (64.54%) -- Ticket Income $419,500.00
Level 2 -- Attendance: 3810 (68.77%) -- Ticket Income $228,600.00
Level 3 -- Attendance: 1613 (80.65%) -- Ticket Income $56,455.00
Level 4 -- Attendance: 3482 (87.05%) -- Ticket Income $69,640.00
Luxury Box -- Attendance: 775 (77.50%) -- Ticket Income $155,000.00
Game was played at the Continental Airlines Arena
Total Attendance: 13875 (72.87%)
Total Ticket Income: $951,740.90
Other Income: $138,977.10
Total Income: $1,090,718.00


Play by Play

Period #1

0:01 of 1st period - Michael Nylander wins face-off versus Alexei Yashin in neutral zone.
0:03 of 1st period - Off-side.
0:04 of 1st period - Alexei Yashin wins face-off versus Michael Nylander in neutral zone.
0:14 of 1st period - Alexei Yashin is hit by Brendan Witt and loses puck.
0:25 of 1st period - Shot by Ales Hemsky.
0:25 of 1st period - Stopped by Martin Brodeur without a rebound.
0:26 of 1st period - Ryan Getzlaf wins face-off versus Scott Gomez in Devils zone.
0:26 of 1st period - Ryan Getzlaf is hit by Brian Gionta.
0:38 of 1st period - Shot by Jean-Pierre Dumont.
0:38 of 1st period - Stopped by Roberto Luongo without a rebound.
0:39 of 1st period - Mike Ribeiro wins face-off versus Travis Zajac in Canadiens zone.
0:39 of 1st period - Mike Ribeiro is hit by Miroslav Satan.
1:05 of 1st period - Shot by Miroslav Satan.
1:05 of 1st period - Shot Misses the Net.
1:20 of 1st period - Filip Kuba is hit by Travis Zajac and loses puck.
1:44 of 1st period - Icing by Jamie Langenbrunner.
1:45 of 1st period - Alexei Yashin wins face-off versus Michael Nylander in Devils zone.
2:07 of 1st period - Shot by Viktor Kozlov.
2:07 of 1st period - Shot Blocked by Chris Chelios.
2:11 of 1st period - Shot by Ales Hemsky.
2:11 of 1st period - Stopped by Martin Brodeur without a rebound.
2:12 of 1st period - Ryan Getzlaf wins face-off versus Scott Gomez in Devils zone.
2:51 of 1st period - Ryan Whitney is hit by Daniel Alfredsson and loses puck.
3:25 of 1st period - Shot by Travis Zajac.
3:25 of 1st period - Shot Blocked by Brian Rafalski.
3:27 of 1st period - Shot by Miroslav Satan.
3:27 of 1st period - Shot Hit the Post.
3:34 of 1st period - Minor Penalty to Andrej Meszaros for Tripping.
3:35 of 1st period - Michael Nylander wins face-off versus Alexei Yashin in Canadiens zone.
3:38 of 1st period - Shot by Zach Parise.
3:38 of 1st period - Shot Misses the Net.
3:55 of 1st period - Shot by Brendan Witt.
3:55 of 1st period - Shot Misses the Net.
3:59 of 1st period - Shot by Michael Nylander.
3:59 of 1st period - Stopped by Roberto Luongo without a rebound.
4:00 of 1st period - Michael Nylander wins face-off versus Alexei Yashin in Canadiens zone.
4:13 of 1st period - Shot by Jamie Langenbrunner.
4:13 of 1st period - Shot Blocked by Filip Kuba.
4:15 of 1st period - Shot by Brendan Witt.
4:15 of 1st period - Stopped by Roberto Luongo without a rebound.
4:16 of 1st period - Ryan Getzlaf wins face-off versus Viktor Kozlov in Canadiens zone.
4:36 of 1st period - Minor Penalty to Colin White for Slashing.
4:37 of 1st period - Michael Nylander wins face-off versus Viktor Kozlov in Devils zone.
4:50 of 1st period - Shot by Viktor Kozlov.
4:50 of 1st period - Stopped by Martin Brodeur with a rebound.
5:04 of 1st period - Shot by Zach Parise.
5:04 of 1st period - Shot Misses the Net.
5:50 of 1st period - Shot by Alexei Yashin.
5:50 of 1st period - Goal by Alexei Yashin - Canadiens : 1 - Devils : 0.
5:51 of 1st period - Mike Ribeiro wins face-off versus John Madden in neutral zone.
6:06 of 1st period - Icing by Brendan Witt.
6:07 of 1st period - John Madden wins face-off versus Alexei Yashin in Devils zone.
6:37 of 1st period - Darcy Tucker is hit by Brendan Witt and loses puck.
7:12 of 1st period - Shot by Daniel Alfredsson.
7:12 of 1st period - Shot Misses the Net.
7:14 of 1st period - Shot by Brad Lukowich.
7:14 of 1st period - Shot Blocked by Keith Carney.
7:23 of 1st period - Minor Penalty to Colin White for Hooking.
7:24 of 1st period - Jamie Langenbrunner wins face-off versus Scott Gomez in Devils zone.
7:55 of 1st period - Icing by Ryan Whitney.
7:56 of 1st period - Scott Gomez wins face-off versus Ryan Getzlaf in Canadiens zone.
8:23 of 1st period - Shot by Andrej Meszaros.
8:23 of 1st period - Stopped by Martin Brodeur without a rebound.
8:24 of 1st period - Ryan Getzlaf wins face-off versus Alexei Yashin in Devils zone.
8:24 of 1st period - Ryan Getzlaf is hit by Alexei Yashin.
8:47 of 1st period - Shot by Ales Hemsky.
8:47 of 1st period - Shot Misses the Net.
9:10 of 1st period - Minor Penalty to Brian Gionta for Slashing.
9:11 of 1st period - Viktor Kozlov wins face-off versus Michael Nylander in Devils zone.
9:16 of 1st period - Shot by Mike Ribeiro.
9:16 of 1st period - Stopped by Martin Brodeur without a rebound.
9:17 of 1st period - Mike Ribeiro wins face-off versus Michael Nylander in Devils zone.
9:22 of 1st period - Shot by Mike Ribeiro.
9:22 of 1st period - Shot Misses the Net.
9:24 of 1st period - Shot by Ed Jovanovski.
9:24 of 1st period - Stopped by Martin Brodeur without a rebound.
9:25 of 1st period - Michael Nylander wins face-off versus Mike Ribeiro in Devils zone.
11:20 of 1st period - Shot by Keith Carney.
11:20 of 1st period - Stopped by Martin Brodeur without a rebound.
11:21 of 1st period - John Madden wins face-off versus Mike Ribeiro in Devils zone.
11:50 of 1st period - Shot by Ben Eager.
11:50 of 1st period - Shot Blocked by Keith Carney.
12:05 of 1st period - Mike Comrie is hit by Travis Zajac and loses puck.
12:10 of 1st period - Paul Martin is hit by Ryan Kesler and loses puck.
12:33 of 1st period - Shot by Alexei Yashin.
12:33 of 1st period - Shot Misses the Net.
12:35 of 1st period - Shot by Brian Rafalski.
12:35 of 1st period - Stopped by Martin Brodeur without a rebound.
12:36 of 1st period - Ryan Getzlaf wins face-off versus Scott Gomez in Devils zone.
13:04 of 1st period - Minor Penalty to Ryan Getzlaf for Tripping.
13:05 of 1st period - Zach Parise wins face-off versus Alexei Yashin in neutral zone.
13:22 of 1st period - Shot by Brian Rafalski.
13:22 of 1st period - Shot Misses the Net.
13:24 of 1st period - Shot by Brian Rafalski.
13:24 of 1st period - Stopped by Martin Brodeur with a rebound.
13:28 of 1st period - Shot by Andrej Meszaros.
13:28 of 1st period - Shot Blocked by Brendan Witt.
13:30 of 1st period - Shot by Alexei Yashin.
13:30 of 1st period - Shot Blocked by Chris Chelios.
13:32 of 1st period - Shot by Brian Rafalski.
13:32 of 1st period - Stopped by Martin Brodeur without a rebound.
13:33 of 1st period - John Madden wins face-off versus Scott Gomez in Devils zone.
13:59 of 1st period - Icing by Brian Gionta.
14:00 of 1st period - Zach Parise wins face-off versus Scott Gomez in Canadiens zone.
15:20 of 1st period - Icing by Filip Kuba.
15:21 of 1st period - Ryan Getzlaf wins face-off versus Mike Ribeiro in Canadiens zone.
15:32 of 1st period - Shot by Daniel Alfredsson.
15:32 of 1st period - Shot Misses the Net.
15:34 of 1st period - Shot by Ryan Getzlaf.
15:34 of 1st period - Shot Misses the Net.
15:38 of 1st period - Shot by Jean-Pierre Dumont.
15:38 of 1st period - Shot Misses the Net.
15:40 of 1st period - Shot by Jean-Pierre Dumont.
15:40 of 1st period - Stopped by Roberto Luongo without a rebound.
15:41 of 1st period - Jamie Langenbrunner wins face-off versus Antoine Vermette in Canadiens zone.
15:42 of 1st period - Shot by Michael Nylander.
15:42 of 1st period - Deflect By Zach Parise.
15:42 of 1st period - Shot Misses the Net.
15:44 of 1st period - Shot by Brendan Witt.
15:44 of 1st period - Stopped by Roberto Luongo without a rebound.
15:45 of 1st period - Antoine Vermette wins face-off versus Travis Zajac in Canadiens zone.
15:52 of 1st period - Shot by Alexei Yashin.
15:52 of 1st period - Stopped by Martin Brodeur without a rebound.
15:53 of 1st period - Michael Nylander wins face-off versus Brian Gionta in Devils zone.
16:00 of 1st period - Shot by Zach Parise.
16:00 of 1st period - Shot Misses the Net.
16:08 of 1st period - Brendan Witt is hit by Martin Gelinas and loses puck.
17:30 of 1st period - Shot by Viktor Kozlov.
17:30 of 1st period - Deflect By Ales Hemsky.
17:30 of 1st period - Stopped by Martin Brodeur with a rebound.
17:39 of 1st period - Icing by Brad Lukowich.
17:40 of 1st period - Ryan Getzlaf wins face-off versus Mike Ribeiro in Devils zone.
18:03 of 1st period - Ryan Kesler is hit by Travis Zajac and loses puck.
18:05 of 1st period - Minor Penalty to Juraj Kolnik for Tripping.
18:06 of 1st period - John Madden wins face-off versus Alexei Yashin in Canadiens zone.
19:02 of 1st period - Shot by Ryan Whitney.
19:02 of 1st period - Stopped by Martin Brodeur without a rebound.
19:03 of 1st period - Ryan Getzlaf wins face-off versus Alexei Yashin in Devils zone.
19:03 of 1st period - Ryan Getzlaf is hit by Ales Hemsky.
19:23 of 1st period - Off-side.
19:24 of 1st period - Scott Gomez wins face-off versus Michael Nylander in neutral zone.
19:24 of 1st period - Scott Gomez is hit by Zach Parise.
19:44 of 1st period - Minor Penalty to Brad Lukowich for Holding.
19:45 of 1st period - Alexei Yashin wins face-off versus Ryan Getzlaf in Devils zone.

Period #2

0:01 of 2nd period - Alexei Yashin wins face-off versus Ryan Getzlaf in neutral zone.
0:06 of 2nd period - Shot by Brian Rafalski.
0:06 of 2nd period - Stopped by Martin Brodeur with a rebound.
0:08 of 2nd period - Shot by Ales Hemsky.
0:08 of 2nd period - Shot Blocked by Timo Helbling.
0:12 of 2nd period - Shot by Brian Rafalski.
0:12 of 2nd period - Stopped by Martin Brodeur with a rebound.
0:14 of 2nd period - Shot by Andrej Meszaros.
0:14 of 2nd period - Shot Misses the Net.
0:16 of 2nd period - Shot by Viktor Kozlov.
0:16 of 2nd period - Goal by Viktor Kozlov - Canadiens : 2 - Devils : 0.
0:17 of 2nd period - Scott Gomez wins face-off versus Ryan Getzlaf in neutral zone.
0:20 of 2nd period - Daniel Alfredsson is hit by Brian Gionta.
0:21 of 2nd period - Minor Penalty to Martin Gelinas for Boarding.
0:22 of 2nd period - Viktor Kozlov wins face-off versus Michael Nylander in Devils zone.
0:26 of 2nd period - Brendan Witt beats up Ryan Whitney.
0:26 of 2nd period - Penalty to Brendan Witt for Fighting.
0:26 of 2nd period - Penalty to Ryan Whitney for Fighting.
0:26 of 2nd period - Penalty to Brendan Witt for instigated a fight..
0:26 of 2nd period - Brendan Witt is ejected from game.
0:27 of 2nd period - Ryan Getzlaf wins face-off versus Alexei Yashin in Devils zone.
0:55 of 2nd period - Shot by Ryan Getzlaf.
0:55 of 2nd period - Stopped by Roberto Luongo without a rebound.
0:56 of 2nd period - Viktor Kozlov wins face-off versus Michael Nylander in Canadiens zone.
1:49 of 2nd period - Off-side.
1:50 of 2nd period - Ryan Getzlaf wins face-off versus Alexei Yashin in neutral zone.
2:53 of 2nd period - Shot by Mike Comrie.
2:53 of 2nd period - Stopped by Martin Brodeur without a rebound.
2:54 of 2nd period - Scott Gomez wins face-off versus Ryan Getzlaf in Devils zone.
3:19 of 2nd period - Ed Jovanovski is hit by Daniel Alfredsson and loses puck.
4:01 of 2nd period - Shot by Travis Zajac.
4:01 of 2nd period - Deflect By Juraj Kolnik.
4:01 of 2nd period - Shot Blocked by Ed Jovanovski.
4:05 of 2nd period - Shot by Miroslav Satan.
4:05 of 2nd period - Stopped by Roberto Luongo with a rebound.
4:09 of 2nd period - Shot by Miroslav Satan.
4:09 of 2nd period - Deflect By Travis Zajac.
4:09 of 2nd period - Shot Misses the Net.
4:11 of 2nd period - Shot by Travis Zajac.
4:11 of 2nd period - Shot Misses the Net.
4:37 of 2nd period - Shot by John Madden.
4:37 of 2nd period - Stopped by Roberto Luongo without a rebound.
4:38 of 2nd period - Mike Ribeiro wins face-off versus Michael Nylander in Canadiens zone.
5:09 of 2nd period - Shot by Mike Comrie.
5:09 of 2nd period - Stopped by Martin Brodeur without a rebound.
5:10 of 2nd period - Alexei Yashin wins face-off versus Cam Janssen in Devils zone.
6:00 of 2nd period - Off-side.
6:01 of 2nd period - Travis Zajac wins face-off versus Ryan Kesler in neutral zone.
6:54 of 2nd period - Miroslav Satan is hit by Andrej Meszaros and loses puck.
7:28 of 2nd period - Paul Martin is hit by Ryan Whitney and loses puck.
7:49 of 2nd period - Shot by Daniel Alfredsson.
7:49 of 2nd period - Stopped by Roberto Luongo without a rebound.
7:50 of 2nd period - Michael Nylander wins face-off versus Mike Ribeiro in Canadiens zone.
9:01 of 2nd period - Shot by Ryan Getzlaf.
9:01 of 2nd period - Goal by Ryan Getzlaf - Canadiens : 2 - Devils : 1.
9:02 of 2nd period - Alexei Yashin wins face-off versus John Madden in neutral zone.
9:12 of 2nd period - Shot by Alexei Yashin.
9:12 of 2nd period - Shot Blocked by Brad Lukowich.
9:47 of 2nd period - Icing by John Madden.
9:48 of 2nd period - John Madden wins face-off versus Scott Gomez in Devils zone.
9:57 of 2nd period - Ryan Whitney is hit by Ben Eager and loses puck.
10:18 of 2nd period - Shot by Brian Gionta.
10:18 of 2nd period - Stopped by Martin Brodeur without a rebound.
10:19 of 2nd period - Travis Zajac wins face-off versus Antoine Vermette in Devils zone.
11:42 of 2nd period - Icing by Miroslav Satan.
11:43 of 2nd period - Mike Ribeiro wins face-off versus Travis Zajac in Devils zone.
12:59 of 2nd period - Filip Kuba is hit by Brad Lukowich and loses puck.
13:09 of 2nd period - Ryan Getzlaf is hit by Mike Comrie and loses puck.
13:48 of 2nd period - Minor Penalty to Jean-Pierre Dumont for Elbowing.
13:49 of 2nd period - Scott Gomez wins face-off versus Zach Parise in Devils zone.
15:01 of 2nd period - Icing by Viktor Kozlov.
15:02 of 2nd period - Zach Parise wins face-off versus Alexei Yashin in Canadiens zone.
15:39 of 2nd period - Shot by Viktor Kozlov.
15:39 of 2nd period - Shot Blocked by Chris Chelios.
15:41 of 2nd period - Shot by Viktor Kozlov.
15:41 of 2nd period - Shot Misses the Net.
15:43 of 2nd period - Shot by Andrej Meszaros.
15:43 of 2nd period - Stopped by Martin Brodeur without a rebound.
15:44 of 2nd period - John Madden wins face-off versus Scott Gomez in Devils zone.
16:43 of 2nd period - Shot by Miroslav Satan.
16:43 of 2nd period - Stopped by Roberto Luongo without a rebound.
16:43 of 2nd period - Minor Penalty to Andrej Meszaros for Tripping.
16:44 of 2nd period - Michael Nylander wins face-off versus Viktor Kozlov in Canadiens zone.
17:10 of 2nd period - Icing by Zach Parise.
17:11 of 2nd period - Michael Nylander wins face-off versus Viktor Kozlov in Devils zone.
17:52 of 2nd period - Shot by Jean-Pierre Dumont.
17:52 of 2nd period - Deflect By Ryan Getzlaf.
17:52 of 2nd period - Stopped by Roberto Luongo without a rebound.
17:53 of 2nd period - Martin Gelinas wins face-off versus Michael Nylander in Canadiens zone.
18:08 of 2nd period - Shot by Martin Gelinas.
18:08 of 2nd period - Shot Misses the Net.
18:10 of 2nd period - Shot by Ed Jovanovski.
18:10 of 2nd period - Goal by Ed Jovanovski - Canadiens : 3 - Devils : 1.
18:11 of 2nd period - Alexei Yashin wins face-off versus Ryan Getzlaf in neutral zone.
18:14 of 2nd period - Daniel Alfredsson is hit by Alexei Yashin and loses puck.
18:23 of 2nd period - Shot by Jean-Pierre Dumont.
18:23 of 2nd period - Stopped by Roberto Luongo without a rebound.
18:24 of 2nd period - Daniel Alfredsson wins face-off versus Viktor Kozlov in Canadiens zone.
19:24 of 2nd period - Icing by Keith Carney.
19:25 of 2nd period - Mike Ribeiro wins face-off versus Travis Zajac in Canadiens zone.

Period #3

0:01 of 3rd period - Viktor Kozlov wins face-off versus Michael Nylander in neutral zone.
0:36 of 3rd period - Shot by Ales Hemsky.
0:36 of 3rd period - Stopped by Martin Brodeur without a rebound.
0:37 of 3rd period - Scott Gomez wins face-off versus Ryan Getzlaf in Devils zone.
0:37 of 3rd period - Ryan Whitney is hit by Colin White and loses puck.
0:56 of 3rd period - Scott Gomez is hit by Colin White and loses puck.
1:08 of 3rd period - Brian Gionta is hit by Colin White and loses puck.
1:13 of 3rd period - Shot by Ed Jovanovski.
1:13 of 3rd period - Shot Misses the Net.
1:17 of 3rd period - Shot by Brian Gionta.
1:17 of 3rd period - Shot Misses the Net.
1:36 of 3rd period - Mike Comrie is hit by Colin White.
1:47 of 3rd period - Minor Penalty to Jamie Langenbrunner for Tripping.
1:48 of 3rd period - Alexei Yashin wins face-off versus John Madden in Canadiens zone.
2:10 of 3rd period - Shot by Andrej Meszaros.
2:10 of 3rd period - Stopped by Martin Brodeur without a rebound.
2:11 of 3rd period - Alexei Yashin wins face-off versus Zach Parise in Devils zone.
2:16 of 3rd period - Shot by Viktor Kozlov.
2:16 of 3rd period - Shot Misses the Net.
2:34 of 3rd period - Shot by Brian Rafalski.
2:34 of 3rd period - Stopped by Martin Brodeur without a rebound.
2:35 of 3rd period - Ryan Getzlaf wins face-off versus Scott Gomez in Devils zone.
2:35 of 3rd period - Ryan Getzlaf is hit by Scott Gomez.
2:52 of 3rd period - Icing by Ed Jovanovski.
2:53 of 3rd period - Ryan Getzlaf wins face-off versus Scott Gomez in Canadiens zone.
2:53 of 3rd period - Ryan Getzlaf is hit by Ed Jovanovski.
3:16 of 3rd period - Martin Gelinas is hit by Brad Lukowich and loses puck.
3:20 of 3rd period - Scott Gomez is hit by Brad Lukowich and loses puck.
3:43 of 3rd period - Shot by Viktor Kozlov.
3:43 of 3rd period - Shot Blocked by Colin White.
3:45 of 3rd period - Shot by Andrej Meszaros.
3:45 of 3rd period - Shot Misses the Net.
3:59 of 3rd period - Shot by Mike Ribeiro.
3:59 of 3rd period - Shot Misses the Net.
4:57 of 3rd period - Shot by Darcy Tucker.
4:57 of 3rd period - Stopped by Martin Brodeur without a rebound.
4:58 of 3rd period - Scott Gomez wins face-off versus Ryan Getzlaf in Devils zone.
5:11 of 3rd period - Shot by Ryan Getzlaf.
5:11 of 3rd period - Stopped by Roberto Luongo without a rebound.
5:12 of 3rd period - Travis Zajac wins face-off versus Viktor Kozlov in Canadiens zone.
5:52 of 3rd period - Icing by Andrej Meszaros.
5:53 of 3rd period - Ryan Getzlaf wins face-off versus Alexei Yashin in Canadiens zone.
5:56 of 3rd period - Shot by Daniel Alfredsson.
5:56 of 3rd period - Shot Misses the Net.
6:00 of 3rd period - Shot by Daniel Alfredsson.
6:00 of 3rd period - Deflect By Ryan Getzlaf.
6:00 of 3rd period - Stopped by Roberto Luongo with a rebound.
6:02 of 3rd period - Shot by Ryan Getzlaf.
6:02 of 3rd period - Shot Misses the Net.
6:21 of 3rd period - Minor Penalty to Scott Gomez for Tripping.
6:22 of 3rd period - Michael Nylander wins face-off versus Martin Gelinas in neutral zone.
6:29 of 3rd period - Shot by John Madden.
6:29 of 3rd period - Stopped by Roberto Luongo without a rebound.
6:30 of 3rd period - Martin Gelinas wins face-off versus Michael Nylander in Canadiens zone.
6:30 of 3rd period - Martin Gelinas is hit by Zach Parise.
6:37 of 3rd period - Icing by Paul Martin.
6:38 of 3rd period - Michael Nylander wins face-off versus Viktor Kozlov in Devils zone.
6:38 of 3rd period - Minor Penalty to Viktor Kozlov for Hooking.
6:39 of 3rd period - Mike Ribeiro wins face-off versus Daniel Alfredsson in Devils zone.
6:48 of 3rd period - Shot by Ryan Getzlaf.
6:48 of 3rd period - Stopped by Roberto Luongo without a rebound.
6:49 of 3rd period - Mike Ribeiro wins face-off versus Michael Nylander in Canadiens zone.
6:55 of 3rd period - Icing by Brad Lukowich.
6:56 of 3rd period - Michael Nylander wins face-off versus Mike Ribeiro in Devils zone.
7:54 of 3rd period - Shot by Ryan Getzlaf.
7:54 of 3rd period - Shot Misses the Net.
7:58 of 3rd period - Shot by Daniel Alfredsson.
7:58 of 3rd period - Shot Blocked by Ryan Whitney.
8:00 of 3rd period - Shot by Daniel Alfredsson.
8:00 of 3rd period - Shot Blocked by Ryan Whitney.
8:21 of 3rd period - Daniel Alfredsson is hit by Andrej Meszaros and loses puck.
8:58 of 3rd period - Shot by Ben Eager.
8:58 of 3rd period - Shot Blocked by Filip Kuba.
9:02 of 3rd period - Shot by Michael Nylander.
9:02 of 3rd period - Stopped by Roberto Luongo without a rebound.
9:03 of 3rd period - Scott Gomez wins face-off versus Miroslav Satan in Canadiens zone.
9:37 of 3rd period - Juraj Kolnik is hit by Martin Gelinas and loses puck.
10:03 of 3rd period - Off-side.
10:04 of 3rd period - Alexei Yashin wins face-off versus John Madden in neutral zone.
10:07 of 3rd period - Timo Helbling is hit by Alexei Yashin and loses puck.
10:18 of 3rd period - Shot by Ben Eager.
10:18 of 3rd period - Stopped by Roberto Luongo without a rebound.
10:19 of 3rd period - Michael Nylander wins face-off versus Mike Ribeiro in Canadiens zone.
11:06 of 3rd period - Icing by Keith Carney.
11:07 of 3rd period - Ben Eager wins face-off versus Mike Ribeiro in Canadiens zone.
11:29 of 3rd period - Icing by Brian Rafalski.
11:30 of 3rd period - Ryan Getzlaf wins face-off versus Alexei Yashin in Canadiens zone.
11:35 of 3rd period - Shot by Daniel Alfredsson.
11:35 of 3rd period - Stopped by Roberto Luongo without a rebound.
11:36 of 3rd period - Travis Zajac wins face-off versus Antoine Vermette in Canadiens zone.
11:48 of 3rd period - Travis Zajac is hit by Andrej Meszaros.
12:06 of 3rd period - Shot by Juraj Kolnik.
12:06 of 3rd period - Shot Blocked by Andrej Meszaros.
12:54 of 3rd period - Minor Penalty to Brad Lukowich for Hooking.
12:55 of 3rd period - Ryan Getzlaf wins face-off versus Alexei Yashin in Devils zone.
12:55 of 3rd period - Ryan Getzlaf is hit by Ales Hemsky.
13:09 of 3rd period - Shot by Brian Rafalski.
13:09 of 3rd period - Shot Misses the Net.
13:13 of 3rd period - Shot by Ales Hemsky.
13:13 of 3rd period - Shot Misses the Net.
13:15 of 3rd period - Shot by Alexei Yashin.
13:15 of 3rd period - Stopped by Martin Brodeur without a rebound.
13:16 of 3rd period - Martin Gelinas wins face-off versus Ryan Getzlaf in Devils zone.
13:27 of 3rd period - Shot by Ed Jovanovski.
13:27 of 3rd period - Shot Blocked by John Madden.
13:29 of 3rd period - Shot by Ed Jovanovski.
13:29 of 3rd period - Stopped by Martin Brodeur without a rebound.
13:30 of 3rd period - John Madden wins face-off versus Alexei Yashin in Devils zone.
13:51 of 3rd period - Icing by Ales Hemsky.
13:52 of 3rd period - John Madden wins face-off versus Alexei Yashin in Canadiens zone.
15:17 of 3rd period - Icing by Brad Lukowich.
15:18 of 3rd period - Antoine Vermette wins face-off versus Miroslav Satan in Devils zone.
16:00 of 3rd period - John Madden is hit by Filip Kuba.
16:38 of 3rd period - Icing by Colin White.
16:39 of 3rd period - Scott Gomez wins face-off versus John Madden in Devils zone.
17:13 of 3rd period - Ryan Whitney is hit by Timo Helbling and loses puck.
17:32 of 3rd period - Shot by Miroslav Satan.
17:32 of 3rd period - Stopped by Roberto Luongo with a rebound.
17:34 of 3rd period - Shot by Juraj Kolnik.
17:34 of 3rd period - Stopped by Roberto Luongo without a rebound.
17:35 of 3rd period - Ryan Getzlaf wins face-off versus Mike Ribeiro in Canadiens zone.
17:58 of 3rd period - Shot by Jean-Pierre Dumont.
17:58 of 3rd period - Stopped by Roberto Luongo without a rebound.
17:59 of 3rd period - Michael Nylander wins face-off versus Alexei Yashin in Canadiens zone.
18:22 of 3rd period - Shot by Michael Nylander.
18:22 of 3rd period - Deflect By Jamie Langenbrunner.
18:22 of 3rd period - Stopped by Roberto Luongo without a rebound.
18:23 of 3rd period - Travis Zajac wins face-off versus Scott Gomez in Canadiens zone.
18:28 of 3rd period - Shot by Miroslav Satan.
18:28 of 3rd period - Shot Misses the Net.
18:31 of 3rd period - Minor Penalty to Ryan Whitney for Holding.
18:32 of 3rd period - Michael Nylander wins face-off versus Viktor Kozlov in Canadiens zone.
18:33 of 3rd period - Shot by Jamie Langenbrunner.
18:33 of 3rd period - Stopped by Roberto Luongo with a rebound.
18:37 of 3rd period - Shot by Jamie Langenbrunner.
18:37 of 3rd period - Shot Misses the Net.
18:39 of 3rd period - Shot by Paul Martin.
18:39 of 3rd period - Stopped by Roberto Luongo without a rebound.
18:40 of 3rd period - Alexei Yashin wins face-off versus Michael Nylander in Canadiens zone.
19:51 of 3rd period - Shot by Ryan Getzlaf.
19:51 of 3rd period - Stopped by Roberto Luongo without a rebound.
19:52 of 3rd period - Michael Nylander wins face-off versus Viktor Kozlov in Canadiens zone.
19:55 of 3rd period - Shot by John Madden.
19:55 of 3rd period - Stopped by Roberto Luongo with a rebound.
19:57 of 3rd period - Shot by Michael Nylander.
19:57 of 3rd period - Stopped by Roberto Luongo without a rebound.
19:58 of 3rd period - Michael Nylander wins face-off versus Martin Gelinas in Canadiens zone.


Output by the SimonT Hockey Simulator (STHS) for Stephane Roy -- Original Page W3C XHTML 1.0 Valid